 Dungeon Sprint DCSS version 0.30-a0-743-gbfdf073431 (webtiles) character file.

Game seed: 6662929613212186362

6137 BigDaddyOpFi the End of an Era (level 10, -9/100 HPs)
             Began as an Armataur Fighter on Feb 6, 2023.
             Was the Champion of Qazlal.
             Mangled by an alligator snapping turtle (34 damage)
             ... in the Dungeon (Sprint VII: "The Pits").
             The game lasted 00:02:56 (2650 turns).

BigDaddyOpFi the End of an Era (Armataur Fighter)   Turns: 2650, Time: 00:02:57

Health: -9/100     AC: 22    Str: 29    XL:     10   Next: 59%
Magic:  13/20      EV:  6    Int: 12    God:    Qazlal [******]
Gold:   0          SH: 14    Dex:  9    Spells: 9/9 levels left

rFire   . . .      SeeInvis .    r - +2 war axe (heavy)
rCold   . . .      Faith    .    c - +0 buckler
rNeg    . . .      Spirit   .    f - +2 plate armour
rPois   .          Reflect  .    q - +0 helmet
rElec   .          Harm     .    p - +0 cloak
rCorr   .          Roll     +    (no gloves)
Will    .....      NoTele   +    (no barding) Stlth
                                 (no amulet)
HPRegen 0.36/turn                e - +3 ring of intelligence
MPRegen 0.17/turn                l - +3 ring of strength

@: spiked, protected from physical damage, repel missiles
A: large, rugged brown scales 3, deformed body, armoured tail, roll, long
tongue, awkward tongue
a: Renounce Religion, Upheaval, Elemental Force, Disaster Area


You were in the Dungeon.
You worshipped Qazlal.
Qazlal was exalted by your worship.
You visited 1 branch

Inventory:

Hand Weapons
 r - a +2 heavy war axe (weapon)
Armour
 c - a +0 buckler (worn)
 f - a +2 plate armour (worn)
 p - a +0 cloak (worn)
 q - a +0 helmet (worn)
Jewellery
 e - a +3 ring of intelligence (left hand)
 l - a +3 ring of strength (right hand)
Wands
 b - a wand of iceblast (7)
Scrolls
 j - a scroll of blinking
Potions
 d - 4 potions of curing
 g - a potion of haste
 h - 4 potions of magic
 i - 2 potions of berserk rage
 k - 2 potions of invisibility
 m - 2 potions of might
 n - 4 potions of heal wounds
 o - 2 potions of resistance


   Skills:
 + Level 10.4 Fighting
 + Level 9.2 Axes
 + Level 13.2 Armour
 + Level 12.2 Shields
 * Level 14.3 Invocations


You had 9 spell levels left.
You didn't know any spells.
Your spell library was empty.

Dungeon Overview and Level Annotations

Branches:
Dungeon (1/1)

Altars:
Ashenzari
Cheibriados
Dithmenos
Elyvilon
Fedhas
Gozag
Hepliaklqana
Kikubaaqudgha
Makhleb
Nemelex Xobeh
Okawaru
Qazlal
Ru
Sif Muna
Trog
Uskayaw
Vehumet
Wu Jian
Xom
Yredelemnul
Zin
The Shining One
Jiyva
Lugonu


Innate Abilities, Weirdness & Mutations

You are completely covered in rugged brown scales. (AC +3, +7% HP)
Armour fits poorly on your strangely shaped body.
You have a long armoured tail.
You roll when moving toward enemies. (Rampage)
Your long tongue fully drains potion bottles. (2x potion effects)
Your tongue gives you trouble enunciating. (1.5x scroll delay)


Message History

Qazlal accepts your kill.
The alligator snapping turtle is struck by lightning.
You block the alligator snapping turtle's attack.
An ice beast comes into view.
The alligator snapping turtle is struck by lightning.
You block the alligator snapping turtle's attack.
You block the red devil's attack.
The alligator snapping turtle is struck by lightning.
You block the alligator snapping turtle's attack.
Things that are here:
a +0 club; a hornet corpse You roll towards the ice beast!
The ice beast is struck by lightning.
The ice beast hits you. The ice beast freezes you.
You block the red devil's attack.
Things that are here:
a +0 whip; a +0 robe You slice the alligator snapping turtle!!
The alligator snapping turtle is severely wounded.
You barely miss the ice beast.
The ice beast is struck by lightning.
You kill the ice beast!
Qazlal accepts your kill.
The red devil hits you but does no damage.
The alligator snapping turtle is struck by lightning.
The alligator snapping turtle bites you!
You block the red devil's attack.
The alligator snapping turtle is struck by lightning.
The alligator snapping turtle bites you!
You slice the alligator snapping turtle!!
You tail-slap the alligator snapping turtle, but do no damage.
The alligator snapping turtle is almost dead.
You block the red devil's attack.
You block the alligator snapping turtle's attack.
You slice the alligator snapping turtle!!
You tail-slap the alligator snapping turtle.
The alligator snapping turtle is almost dead.
The red devil hits you from afar with a +0 trident!
* * * LOW HITPOINT WARNING * * *
Barbed spikes become lodged in your body.
The alligator snapping turtle bites you!!
You die...

.....+ .....# .....#
#####
########################
........#..)≈†.#.......#
........')..)†.#.○....≈#
#####...#####'##)○.)..≈#
'†..#.........))@§......
#)..#........##t##°.....
#...#.#####..#.4.# .###+
#####.+...#..#...# #
......#†(.'..##+##
......#...#.....
###...#...#.....
(.'...#+###...##
..#....... #


You could see an alligator snapping turtle and a red devil.

Vanquished Creatures
  A lindwurm (D)
  A deep elf zephyrmancer (D)
  A manticore (D)
  2 cyclopes (D)
  A black mamba (D)
  A smoke demon (D)
  A molten gargoyle (D)
  A red devil (D)
  A guardian mummy (D)
  2 hornets (D)
  A hellwing (D)
  A tarantella (D)
  A wyvern (D)
  A large abomination (D)
  A redback (D)
  2 acid dragons (D)
  2 water moccasins (D)
  A floating eye (D)
  An ice beast (D)
  An orc warrior (D)
  A black bear (D)
  A necrophage (D)
  4 scorpions (D)
  A quasit (D)
  2 iron imps (D)
  4 orc priests (D)
  A gnoll bouda (D)
  2 iguanas (D)
  Ijyb (D)
  Terence (D)
  An orc wizard (D)
  4 gnolls (D)
  A river rat (D)
  2 ufetubi (D)
  A worm (D)
  4 orcs (D)
  An endoplasm (D)
  A goblin (D)
  3 jackals (D)
  A kobold (D)
  2 bats (D)
  A frilled lizard (D)
64 creatures vanquished.

Vanquished Creatures (collateral kills)
  A redback (D)
1 creature vanquished.

Grand Total: 65 creatures vanquished

Notes
Turn   | Place    | Note
-------+----------+-------------------------------------------
     0 | D        | BigDaddyOpFi the Armataur Fighter began the quest for the
                  | Orb.
     0 | D        | Reached XP level 1. HP: 19/19 MP: 1/1
    15 | D        | Found a bloodstained altar of Trog.
    15 | D        | Found a shimmering blue altar of Sif Muna.
    15 | D        | Found a viscous altar of Jiyva.
    15 | D        | Found a hazy altar of Hepliaklqana.
    15 | D        | Found an opulent altar of Gozag.
    16 | D        | Found a glowing golden altar of the Shining One.
    16 | D        | Found a glowing silver altar of Zin.
    16 | D        | Found a basalt altar of Yredelemnul.
    16 | D        | Found a shimmering altar of Xom.
    16 | D        | Found an ornate altar of the Wu Jian Council.
    16 | D        | Found a sacrificial altar of Ru.
    16 | D        | Found a stormy altar of Qazlal.
    16 | D        | Found an iron altar of Okawaru.
    16 | D        | Found a sparkling altar of Nemelex Xobeh.
    16 | D        | Found a burning altar of Makhleb.
    16 | D        | Found a blossoming altar of Fedhas.
    16 | D        | Found a white marble altar of Elyvilon.
    16 | D        | Found a shadowy altar of Dithmenos.
    16 | D        | Found a snail-covered altar of Cheibriados.
    18 | D        | Found a corrupted altar of Lugonu.
    18 | D        | Found a radiant altar of Vehumet.
    19 | D        | Found an ancient bone altar of Kikubaaqudgha.
    19 | D        | Found a hide-covered altar of Uskayaw.
    19 | D        | Found a broken altar of Ashenzari.
    22 | D        | Became a worshipper of Qazlal Stormbringer
    56 | D        | Reached * piety under Qazlal
    71 | D        | Reached XP level 2. HP: 15/27 MP: 2/2
   294 | D        | Noticed a scorpion
   294 | D        | Noticed a floating eye
   295 | D        | Paralysed by a floating eye for 2 turns
   298 | D        | Killed a scorpion
   298 | D        | Reached ** piety under Qazlal
   299 | D        | Reached skill level 5 in Armour
   299 | D        | Reached skill level 5 in Shields
   299 | D        | Reached XP level 3. HP: 20/36 MP: 3/3
   299 | D        | Killed a floating eye
   300 | D        | Reached skill level 5 in Fighting
   300 | D        | Reached skill level 4 in Invocations
   300 | D        | Reached XP level 4. HP: 23/44 MP: 3/7
   300 | D        | Reached XP level 5. HP: 26/51 MP: 3/8
   405 | D        | Reached *** piety under Qazlal
   406 | D        | Reached skill level 5 in Invocations
   410 | D        | Reached XP level 6. HP: 41/60 MP: 8/10
   579 | D        | Noticed a water moccasin
   592 | D        | Reached skill level 5 in Axes
   592 | D        | Reached skill level 6 in Invocations
   603 | D        | Killed a water moccasin
   604 | D        | Reached skill level 7 in Invocations
   606 | D        | Reached **** piety under Qazlal
   613 | D        | Reached XP level 7. HP: 25/68 MP: 12/12
   909 | D        | Reached ***** piety under Qazlal
   912 | D        | Noticed a hornet
   923 | D        | Killed a hornet
   924 | D        | Reached skill level 8 in Invocations
  1135 | D        | Noticed Ijyb
  1154 | D        | Killed Ijyb
  1173 | D        | Reached skill level 9 in Invocations
  1237 | D        | Noticed a redback
  1237 | D        | Noticed a red devil
  1239 | D        | Reached XP level 8. HP: 78/78 MP: 5/14
  1250 | D        | Reached skill level 10 in Armour
  1253 | D        | Killed a red devil
  1254 | D        | Reached skill level 10 in Invocations
  1550 | D        | Noticed a lindwurm
  1551 | D        | Noticed a manticore
  1555 | D        | Killed a lindwurm
  1556 | D        | Reached skill level 10 in Shields
  1557 | D        | Killed a manticore
  1558 | D        | Reached skill level 11 in Invocations
  1558 | D        | Reached XP level 9. HP: 37/87 MP: 15/17
  1811 | D        | Reached ****** piety under Qazlal
  1941 | D        | Noticed a molten gargoyle
  1941 | D        | Noticed a cyclops
  1942 | D        | Killed a molten gargoyle
  1943 | D        | Reached skill level 12 in Invocations
  1945 | D        | Killed a cyclops
  2094 | D        | Noticed a black mamba
  2095 | D        | Noticed a cyclops
  2097 | D        | Killed a black mamba
  2098 | D        | Noticed a smoke demon
  2100 | D        | Killed a cyclops
  2101 | D        | Reached skill level 13 in Invocations
  2101 | D        | Reached XP level 10. HP: 34/98 MP: 19/19
  2106 | D        | Killed a smoke demon
  2480 | D        | Reached skill level 10 in Fighting
  2636 | D        | Noticed Terence
  2636 | D        | Noticed a deep elf zephyrmancer
  2637 | D        | Noticed an alligator snapping turtle
  2641 | D        | Killed Terence
  2642 | D        | Killed a deep elf zephyrmancer
  2643 | D        | Reached skill level 14 in Invocations
  2650 | D        | Mangled by an alligator snapping turtle

Illustrated notes

Levels and vault maps discovered:
D:        pitsprint [storerooms_1, entrance_room_1, metal_vault_8, armoury_2,
          mini_pit_1, grid_room_1, main_hall_1, silver_pit, the_coven_3,
          the_vestibule_1, steel_vault_1, golden_pit, hallway_of_sentries,
          crystal_vault_1, iron_vault_4, final_vault]

Skill      XL: |  1  2  3  4  5  6  7  8  9 10 |
---------------+-------------------------------+-----
Fighting       | 3 4 5 6 7 8 9 10 | 10.4
Axes           | 2 3 4 5 6 7 8 9 |  9.2
Armour         | 4 5 6 7 8 9 11 12 13 | 13.2
Shields        | 4 5 6 7 9 10 11 12 | 12.2
Invocations    | 4 5 7 9 11 13 14 | 14.3

Action                     |  1- 3 |  4- 6 |  7- 9 | 10-12 || total
---------------------------+-------+-------+-------+-------++-------
  Melee: War axe           |    26 |    38 |    74 |    18 ||   156
         Tailslap          |     2 |     5 |    12 |     5 ||    24
 Invoke: Disaster Area     |       |       |     2 |     2 ||     4
         Elemental Force   |       |       |     1 |       ||     1
    Use: Potion            |     2 |     3 |     5 |     4 ||    14
 Armour: Scale mail        |    29 |     4 |       |       ||    33
         Plate armour      |       |    11 |    50 |     7 ||    68
  Dodge: Dodged            |    17 |     7 |    20 |     4 ||    48
  Block: Buckler           |    20 |    26 |    53 |    27 ||   126

Table legend: (Time is in decaauts)
 A = Elapsed time spent in this place.
 B = Non-inter-level travel time spent in this place.
 C = Inter-level travel time spent in this place.
 D = Time resting spent in this place.
 E = Time spent auto-exploring this place.
 F = Levels seen in this place.
 G = Mean time per level.
                   A        B        C        D        E       F      G
               +--------+--------+--------+--------+--------+-----+--------+
         Total |   2720 |   2658 |     62 |   2187 |      0 |   1 | 2720.0 |
       Dungeon |   2720 |   2658 |     62 |   2187 |      0 |   1 | 2720.0 |
               +--------+--------+--------+--------+--------+-----+--------+

Top non-repeatable levels by time:
       D: 2720 daAuts
